AoeStats
← PNAL | Bebeganzo

Baltic

510441078Analyzed
4v4 RM · 2d ago on Oct 1, 2026· 49m 24s· 8 players
Game mode
Random Map
Map size
Large (8 player)
Population
200
Speed
Normal
Resources
Standard
Victory
Conquest
Starting age
Dark Age
Ending age
Imperial Age
RankedLock teamsTeams togetherTeam positionsShared explorationLock speedFull tech treeHidden civsTurbo modeCheats
Victory
Defeat
🇦🇷 Saracens · Argentina
1373
+7
🇦🇷 Vikings · Argentina
1167
+14
🇵🇪 Varangians · Peru
928
+23
🇦🇷 Vietnamese · Argentina
900
+25
🇨🇱 Britons · Chile
1261
-23
🇧🇷 Franks · Brazil
1131
-18
🇧🇷 Koreans · Brazil
1118
-17
🇨🇱 Turks · Chile
969
-11
Zorrito del Sur
9:56 Loom
12:28 Feudal Age
13:14 Horse Collar
13:20 Double-Bit Axe
14:18 Gold Mining
15:47 Wheelbarrow
14:56 Fishing Lines
21:28 Castle Age
19:25 Stone Mining
20:40 Fletching
22:26 Bow Saw
22:20 Heavy Plow
24:45 Stone Shaft Mining
25:36 Gillnets
26:55 Bodkin Arrow
29:38 Hand Cart
30:47 Scale Barding Armor
30:53 Forging
31:03 Town Watch
35:24 Imperial Age
33:12 Fervor
34:36 Clinker Construction
34:37 Careening
35:22 Coinage
34:52 Caravan
35:50 Town Patrol
36:45 Chain Barding Armor
37:46 Banking
37:52 Crop Rotation
38:27 Two-Man Saw
39:21 Plate Barding Armor
39:21 Iron Casting
39:32 Carvel Hull
39:33 Dry Dock
40:18 Vendel Legacy
41:19 Conscription
40:21 Elite Jarl
41:05 Bracer
42:45 Chemistry
42:05 Ballistics
41:51 Siege Engineers
44:32 Blast Furnace
45:38 Elite Longship
46:30 Medium Warships
PNAL | Bebeganzo
6:30 Loom
9:14 Feudal Age
9:51 Double-Bit Axe
19:54 Castle Age
18:12 Gold Mining
18:17 Horse Collar
18:45 Fletching
19:03 Padded Archer Armor
20:50 Bow Saw
20:42 Heavy Plow
20:41 Bodkin Arrow
20:43 Crossbowman
23:06 Leather Archer Armor
25:54 Ballistics
26:22 Ballistics
28:05 Stone Mining
28:42 Town Watch
31:42 Imperial Age
31:39 Gold Shaft Mining
33:23 Chemistry
33:26 Two-Man Saw
32:29 Bracer
33:00 Ring Archer Armor
31:56 Arbalester
34:05 Crop Rotation
37:32 Treadmill Crane
39:01 Bogsveigar
39:30 Capped Ram
40:55 Conscription
41:30 Scale Mail Armor
41:36 Squires
41:20 Elite Skirmisher
42:34 Chain Mail Armor
42:02 Siege Ram
42:38 Elite Berserk
43:52 Plate Mail Armor
43:32 Forging
43:28 Imperial Skirmisher
47:16 Masonry
47:48 Hoardings
TroyMCclure6232
7:26 Loom
9:39 Feudal Age
10:13 Double-Bit Axe
10:42 Town Watch
14:46 Horse Collar
18:50 Castle Age
19:33 Wheelbarrow
20:08 Bow Saw
20:55 Bloodlines
20:47 Husbandry
21:32 Heavy Plow
25:54 Forging
25:50 Scale Barding Armor
31:30 Chain Barding Armor
31:47 Iron Casting
32:28 Hand Cart
32:16 Town Patrol
38:18 Imperial Age
39:36 Ballistics
40:17 Chemistry
39:13 Murder Holes
39:29 Masonry
39:00 Treadmill Crane
39:27 Siege Engineers
40:20 Crop Rotation
40:57 Two-Man Saw
39:52 Gold Mining
39:53 Stone Mining
40:01 Elite Battle Elephant
40:43 Cavalier
42:13 Plate Barding Armor
46:53 Paper Money
48:05 Chatras
Rockardo
8:11 Loom
10:04 Feudal Age
8:21 Loom
10:32 Double-Bit Axe
12:43 Horse Collar
15:25 Wheelbarrow
14:36 Town Watch
17:26 Castle Age
15:28 Stone Mining
16:16 Gold Mining
17:02 Wheelbarrow
17:04 Scale Mail Armor
17:17 Forging
18:19 Bow Saw
18:36 Medium Warships
19:33 Fletching
20:29 Hand Cart
20:38 Bodkin Arrow
22:52 Fishing Lines
29:11 Gillnets
31:56 Heavy Plow
35:01 Imperial Age
34:45 Iron Casting
35:42 Scale Barding Armor
36:14 Gold Shaft Mining
35:45 Bracer
36:06 Conscription
36:26 Hoardings
37:15 Chain Barding Armor
37:56 Blast Furnace
37:59 Chemistry
36:56 Murder Holes
36:38 Light Cavalry
37:28 Bloodlines
37:18 Husbandry
39:09 Plate Barding Armor
40:34 Ballistics
40:25 Masonry
40:20 Siege Engineers
39:44 Hussar
41:59 Counterweights
44:06 Two-Man Saw
44:54 Padded Archer Armor
45:50 Leather Archer Armor
45:45 Town Patrol
46:45 Thumb Ring
46:01 Crossbowman
48:14 Ring Archer Armor
47:09 Arbalester
elsk88
3:19 Loom
13:06 Feudal Age
13:36 Horse Collar
14:30 Double-Bit Axe
15:43 Wheelbarrow
26:47 Castle Age
25:34 Scale Barding Armor
25:30 Scale Mail Armor
25:43 Forging
29:58 Crossbowman
31:51 Bow Saw
34:44 Stone Mining
34:45 Gold Mining
47:49 Imperial Age
VX | Elfomaldito
7:30 Loom
10:14 Feudal Age
12:07 Fletching
15:22 Double-Bit Axe
21:02 Castle Age
20:16 Padded Archer Armor
20:15 Gold Mining
21:44 Crossbowman
22:23 Bodkin Arrow
22:53 Bow Saw
22:27 Horse Collar
27:27 Town Watch
28:39 Ballistics
30:27 Leather Archer Armor
31:55 Wheelbarrow
32:31 Murder Holes
33:40 Gold Shaft Mining
32:55 Stone Mining
37:38 Yeomen
42:20 Imperial Age
43:37 Bracer
44:08 Ring Archer Armor
43:02 Arbalester
48:56 Two-Man Saw
47:33 Light Cavalry
48:40 Conscription
49:38 Hand Cart
Bélga
11:15 Feudal Age
13:15 Loom
16:27 Castle Age
14:56 Double-Bit Axe
16:18 Gold Mining
17:07 Stone Mining
17:28 Loom
18:37 Bow Saw
24:00 Wheelbarrow
25:26 Gold Shaft Mining
26:12 Horse Collar
29:27 Imperial Age
29:05 Forging
29:36 Elite Fire Lancer
30:51 Scale Mail Armor
33:24 Chemistry
33:53 Two-Man Saw
34:37 Iron Casting
34:17 Chain Mail Armor
35:52 Elite Skirmisher
36:57 Fletching
39:20 Conscription
40:05 Bodkin Arrow
43:32 Bracer
BorNouT
0:36 Loom
12:14 Feudal Age
16:22 Castle Age
14:50 Double-Bit Axe
18:33 Bow Saw
22:42 Fletching
22:22 Elite Skirmisher
28:35 Bodkin Arrow
29:47 Padded Archer Armor
31:42 Leather Archer Armor
37:24 Imperial Age
36:42 Gold Mining
38:25 Conscription
38:45 Capped Ram
40:10 Hoardings
40:35 Scale Mail Armor
40:46 Forging
40:16 Pikeman
40:58 Squires
40:43 Halberdier
42:01 Chain Mail Armor
43:28 Iron Casting
46:26 Blast Furnace
Connection lost

Rejoining the realm…

Still unreachable

The connection could not be restored.

Session expired

The server has moved on; the page needs a fresh start.